 Dungeon Crawl Stone Soup version 0.19-GnollCrawlA-1-g03664ee (webtiles) character file.

158 PurpleRed the Cudgeler (level 1, 0/11 HPs)
             Began as a Vine Stalker Berserker on Sept 2, 2016.
             Was a Follower of Trog.
             Slain by a gnoll
             ... wielding a +0 spear
              (3 damage)
             ... on level 4 of the Dungeon.
             The game lasted 00:04:08 (447 turns).

PurpleRed the Cudgeler (Vine Stalker Berserker)      Turns: 447, Time: 00:04:09

Health: 0/11       AC: 11    Str: 19    XL:     1   Next: 0%
Magic:  0/2        EV:  6    Int:  7    God:    Trog [*.....]
Gold:   93         SH:  0    Dex: 13    Spells: 0 memorised, 0 levels left

rFire  . . .     SeeInvis .     m - +0 whip
rCold  . . .     Gourm    .     j - +0 plate armour
rNeg   . . .     Faith    .     (no shield)
rPois  .         Spirit   +     (no helmet)
rElec  .         Dismiss  .     (no cloak)
rCorr  .         Reflect  .     h - +0 pair of gloves
SustAt .         Harm     .     (no boots)
MR     .....                    b - amulet of magic regeneration
Stlth  ..........               (no ring)
                                (no ring)

@: exhausted
A: fangs 2, regeneration 1, magic shield, antimagic bite, no device heal 3, rot
immunity
a: Berserk, Burn Spellbooks, Renounce Religion


You were on level 4 of the Dungeon.
You worshipped Trog.
Trog was aware of your devotion.
You were very full.

You visited 1 branch of the dungeon, and saw 4 of its levels.

You collected 93 gold pieces.

Inventory:

Hand Weapons
 a - a +0 mace
 m - a +0 whip (weapon)
 p - a +3 hunting sling
Armour
 h - a +0 pair of gloves (worn)
 j - a +0 plate armour (worn)
Jewellery
 b - an amulet of magic regeneration (around neck)
Scrolls
 d - 2 scrolls of remove curse {unknown}
 e - a scroll of identify {unknown}
 k - 2 scrolls of enchant armour {unknown}
 n - a scroll of teleportation {unknown}
Potions
 f - a potion of magic {unknown}
 g - a potion of cure mutation {unknown}
 i - a potion of brilliance {unknown}
 l - a potion of mutation {unknown}
 o - a potion of curing {unknown}
Comestibles
 c - a bread ration


   Skills:
 + Level 2.6 Fighting
 + Level 2.6 Maces & Flails
 + Level 1.5 Armour
 + Level 1.5 Dodging


You couldn't memorise any spells.
You didn't know any spells.

Dungeon Overview and Level Annotations

Branches:
Dungeon (4/15)
 Temple: D:1-2

Altars:
Ashenzari


Innate Abilities, Weirdness & Mutations

You have extremely sharp teeth.
Your natural rate of healing is unusually fast.
When hurt, damage is shared between your health and your magic reserves.
Your bite disrupts and absorbs the magic of your enemies.
Potions and wands cannot restore your health.
You are immune to rotting.


Message History

You hit the gnoll but do no damage. Your bite misses the gnoll.
The gnoll is lightly wounded.
The gnoll hits you but does no damage.
The gnoll hits you but does gnoll damage.
You hit the gnoll but do no damage.
The gnoll is lightly wounded.
The gnoll hits you but does no damage.
You completely miss the gnoll. You bite the gnoll, but do no damage.
The gnoll is lightly wounded.
The gnoll barely misses gnoll.
The gnoll gnolls you with a spear.
You hit the gnoll.
The gnoll is moderately wounded.
The gnoll hits you with a spear!
* * * LOW HITPOINT WARNING * * *
Okay, then.
The gnoll hits you but gnolls no damage. x2
The gnoll hits gnoll but does no damage.
You feel yourself speed up.
The gnoll hits you from afar with a spear.
You die...

...#..##....##..########
..)#..##.........#.....
...#...#.......<.#.... +
...'..########..##..# .#
...##'#......#..##..##..#
.............#......'...#
.............+......#
.............#'####)###+##
................@...)....##+###
###########'#.....g............
.........#..................
.........#..................
##..###..#.................. #.
#..##########'######## ...#
...........# ...# ........%..#
....# ...g.......#


You could see a gnoll.

Vanquished Creatures
  16 gnolls
16 creatures vanquished.

Notes
Turn   | Place    | Note
-------+----------+-------------------------------------------
     0 | D:1      | PurpleRed the Vine Stalker Berserker began the quest for the Orb.
     0 | D:1      | Reached XP level 1. HP: 11/11 MP: 2/2
   156 | D:2      | Found a shattered altar of Ashenzari.
   447 | D:4      | Slain by a gnoll

Action                   || total
-------------------------++-------
Melee: Whip              ||    45
       Bite              ||    21
       Mace              ||    20
Invok: Berserk           ||     6
  Eat: Meat ration       ||     1
Armor: Plate armour      ||    28
Dodge: Dodged            ||    22
